Cogmind - Beta 15 @@@ ROGUE MODE // 2025.08.28 @ 18:41:44 Player: ID-34L Result: Destroyed by G-34 Mercenary with Small Laser Performance ------------- Evolutions (1) 500 Regions Visited (2) 400 Robots Destroyed (32) 160 Value Destroyed (884) 884 Prototype IDs (3) 60 Alien Tech Used (0) 0 Bonus (0) 0 TOTAL SCORE: 2004 Bonus ------- None Cogmind --------- Core Integrity 0/400 Matter 270/300 Energy 57/100 System Corruption 3% Temperature Cool (23) Movement Walking (330) Ox3 Location -9/Materials Parts ------- > --- POWER (1) -------- (None) > --- PROPULSION (2) --- Improved Aluminum Leg > --- UTILITY (3) ------ High-capacity Storage Unit > --- WEAPON (3) ------- Medium Laser Small Laser > --- INVENTORY (20) --- Light Ion Engine Light Nuclear Core Small Storage Unit Medium Battery (150) Medium Matter Pod (100) Peak State ------------ > --- POWER ------------ Ion Engine > --- PROPULSION ------- Wheel > --- UTILITY ---------- High-capacity Storage Unit Improved Targeting Computer Light Armor Plating > --- WEAPON ----------- Heavy EM Pulse Gun EM Shotgun Mining Claw > --- INVENTORY -------- Light Ion Engine Light Treads Small Storage Unit Medium Battery Medium Matter Pod Medium Laser Small Laser Light Assault Rifle Grenade Launcher Hammer [Rating: 12] Favorites ----------- Power Ion Engine Engine Ion Engine Propulsion Light Treads Treads Light Treads Leg Aluminum Leg Wheel Wheel Utility High-capacity Storage Unit Storage High-capacity Storage Unit Processor Improved Targeting Computer Protection Light Armor Plating Weapon Mining Claw Energy Gun Heavy EM Pulse Gun Ballistic Gun Light Assault Rifle Launcher Grenade Launcher Impact Weapon Hammer Slashing Weapon Mining Claw Build | -11 -10 -9 ------- Run | Yrd Mat Mat Slots Evolved 2 | . . 2 Power . | . . . Propulsion . | . . . Utility 1 | . . 1 Weapon 1 | . . 1 Parts Attached 25 | 4 11 10 Power 3 | 1 1 1 Engine 3 | 1 1 1 Core . | . . . Reactor . | . . . Propulsion 8 | 2 2 4 Treads 3 | 2 . 1 Leg 3 | . . 3 Wheel 2 | . 2 . Hover . | . . . Flight . | . . . Utility 4 | 1 2 1 Device . | . . . Storage 2 | 1 1 . Processor 1 | . . 1 Hackware . | . . . Protection 1 | . 1 . Artifact . | . . . Weapon 10 | . 6 4 Energy Gun 5 | . 3 2 Energy Cannon . | . . . Ballistic Gun 2 | . 1 1 Ballistic Cannon . | . . . Launcher 1 | . 1 . Special Weapon . | . . . Impact Weapon 1 | . . 1 Slashing Weapon 1 | . 1 . Piercing Weapon . | . . . Special Melee Weapon . | . . . Unidentified Prototypes . | . . . Corrupted Parts 1 | . . 1 System Corruption 3 | . . 3 Parts Lost 16 | . 4 12 Power 3 | . 1 2 Propulsion 5 | . 2 3 Utility 2 | . . 2 Weapon 6 | . 1 5 Highest Loss Streak 8 | . 3 8 To Critical Strikes . | . . . Average Backups 8 | 4 8 8 Power . | . . 1 Propulsion 1 | 1 1 . Utility 2 | . 1 3 Weapon 3 | 1 4 3 Tool/Special . | . . . Unused Backups 8 | . 1 7 Power 2 | . . 2 Propulsion 3 | . . 3 Utility 2 | . . 2 Weapon 1 | . 1 . Tool/Special . | . . . Average Slot Usage (%) 77 | . 84 64 Engine 12 | . 13 9 Treads 12 | . 16 5 Leg 2 | . . 8 Wheel 5 | . 6 2 Storage 13 | . 14 11 Processor 1 | . . 3 Protection 3 | . 4 2 Energy Gun 8 | . 9 6 Ballistic Gun 3 | . 2 5 Launcher 4 | . 5 2 Slashing Weapon 9 | . 10 5 Peak Build Rating 12 | 4 8 12 Average Rating 7 | 2 7 7 On Entrance 3 | . 4 7 Naked Turns . | . . . Heaviest Build 56 | 10 53 56 Greatest Support 40 | 40 40 40 Greatest Overweight (x) 16 | . 5 16 Average Overweight (x) 2 | . 1 2 Largest Inventory Capacity 20 | 8 20 20 Average Capacity 15 | 6 14 20 Most Carried 13 | 6 11 13 Average Carried 8 | 4 8 8 Final Capacity 20 | 8 20 20 Final Carried 10 | 6 10 5 Class Distribution -------------------- 100% | Mutant Dominant Class ---------------- Mutant | -10/Materials Mutant | -9/Materials Resources | -11 -10 -9 ----------- Run | Yrd Mat Mat Matter Collected 625 | 208 260 157 Remotely . | . . . Salvage Created 1074 | . 489 585 Parts 51 | . 18 33 Haulers Intercepted 1 | . . 1 Recyclers Shooed . | . . . Parts Field Recycled . | . . . Retrieved Matter . | . . . Parts Self-Destructed . | . . . Prevented . | . . . Kills | -11 -10 -9 ------- Run | Yrd Mat Mat Combat Hostiles Destroyed 25 | . 11 14 Melee 8 | . 5 3 Guns 8 | . 2 6 AOE 9 | . 4 5 Classes Destroyed 10 | . 3 7 Worker 2 | . . 2 Builder 1 | . . 1 Tunneler 1 | . . 1 Hauler 1 | . . 1 Recycler 1 | . 1 . Watcher 1 | . . 1 Swarmer 5 | . 2 3 Grunt 15 | . 9 6 Duelist 1 | . . 1 Sentry 4 | . . 4 Best Kill Streak 8 | . 4 8 Combat Bots Only 4 | . 4 4 Max Kills in Single Turn 2 | . 2 2 Gunslinging . | . . . Exploded 2 | . 1 2 Melee 1 | . 1 1 Uniques/NPCs Destroyed . | . . . Combat | -11 -10 -9 -------- Run | Yrd Mat Mat Hostile Shots Fired 233 | . 90 143 Missed 57 | . 24 33 Hits 176 | . 66 110 Melee 1 | . . 1 Projectile 175 | . 66 109 Critical Strikes 6 | . . 6 Damage Taken 2100 | . 687 1413 Core 601 | . 199 402 Absorbed by Shields . | . . . Core Remaining (%) 60 | 100 20 . Volleys Fired 50 | . 22 28 Largest 2 | . 2 2 Hottest 90 | . 90 90 Shots Fired 68 | . 30 38 Gun 57 | . 26 31 Cannon . | . . . Launcher 11 | . 4 7 Special . | . . . Kinetic 14 | . . 14 Thermal 2 | . . 2 Explosive 11 | . 4 7 Electromagnetic 41 | . 26 15 Robot Hit Streak 8 | . 4 8 Robot Miss Streak 6 | . 6 3 Penetration Max . | . . . Secondary Targets 1 | . 1 . Max Gunslinging Chain 1 | . 1 . Shots Hit Robots 61 | . 28 33 Core Hits 44 | 1 14 29 Critical Kills . | . . . Critical Parts Destroyed 1 | . . 1 Critical Strikes 2 | . 1 1 Corrupt 1 | . 1 . Smash 1 | . . 1 Melee Attacks 40 | . 24 16 Impact 8 | . . 8 Slashing 32 | . 24 8 Piercing . | . . . Sneak Attacks 7 | . 4 3 Combat Hostiles 1 | . . 1 Follow-up Attacks . | . . . Damage Inflicted 2091 | 5 845 1241 Guns 432 | . 204 228 Cannons . | . . . Explosions 984 | . 336 648 Melee 667 | . 305 362 Ramming 8 | 5 . 3 Kinetic 59 | . . 59 Thermal 194 | . 170 24 Explosive 814 | . 166 648 Electromagnetic 349 | . 204 145 Impact 152 | . . 152 Slashing 515 | . 305 210 Piercing . | . . . Highest Corruption 3 | . . 3 Average Corruption 3 | . . 3 Corruption Purged . | . . . Corruption Blocked . | . . . Effects 1 | . . 1 Message Errors 1 | . . 1 Overload Shots . | . . . Overflow Damage 123 | . 36 87 Projectiles . | . . . Explosions 54 | . 18 36 Melee 69 | . 18 51 Knockbacks . | . . . Impact . | . . . Kinetic . | . . . Secondary . | . . . Self-Inflicted Damage 54 | . 24 30 Shots 3 | . 1 2 Rammed 2 | 1 . 1 Targets Rammed 2 | 1 . 1 Kicked . | . . . Crushed . | . . . Highest Temperature 114 | . 114 57 Average Temperature 28 | . 34 19 Received Heat Transfer 801 | . 144 657 Siege Activations . | . . . Martial Activations . | . . . Shielding Activations . | . . . Robots Disrupted . | . . . Combat Hostiles . | . . . Robots Corrupted . | . . . Combat Hostiles . | . . . Parts Fried 5 | . 1 4 Impact Corruptions 2 | . . 2 Robots Melted . | . . . Combat Hostiles . | . . . Parts Melted . | . . . Heat Transferred 262 | . 200 62 Parts Sabotaged . | . . . Parts Stolen . | . . . Parts Stripped . | . . . Power Chain Reactions 3 | . 3 . Alert | -11 -10 -9 ------- Run | Yrd Mat Mat Maximum Alert Level . | . . . Low Security (%) 100 | 100 100 100 Level 1 . | . . . Level 2 . | . . . Level 3 . | . . . Level 4 . | . . . Level 5 . | . . . High Security . | . . . Max Security . | . . . Peak Influence 159 | . 159 148 Initial 2 | . . 2 Average 50 | . 51 58 Influence Increases 905 | . 507 398 Destroy 0b10 Robot/C 500 | . 220 280 Destroy 0b10 Robot/NC 35 | . 5 30 Destroy Leader 114 | . 40 74 Successful Hack 27 | . 27 . Disable Machine 30 | . 30 . Destroy Structure 34 | . 20 14 Lose Combat Pursuer 165 | . 165 . Influence Decreases 851 | . 500 351 Entered New Map 5 | . . 5 Time Decay 538 | . 312 226 Lost Part 160 | . 40 120 Purge Threat 148 | . 148 . Squads Dispatched 3 | . 3 . Investigation 2 | . 2 . Extermination . | . . . Reinforcement 1 | . 1 . Assault . | . . . Garrison . | . . . Intercept . | . . . Searches Triggered . | . . . Construction Impeded . | . . . Haulers Reinforced . | . . . Active Scanning Responses . | . . . Cargo Convoy Interrupts . | . . . Stealth | -11 -10 -9 --------- Run | Yrd Mat Mat Distress Signals 5 | . 3 2 Communications Jammed . | . . . Distress Signals . | . . . Times Spotted 56 | . 35 21 Peak Tracking Total 8 | . 8 7 Tactical Retreats 7 | . 7 . Traps | -11 -10 -9 ------- Run | Yrd Mat Mat Traps Triggered 2 | . 2 . Indirectly . | . . . Trap Hack Attempts . | . . . Triggered . | . . . Disarmed . | . . . Reprogrammed . | . . . Reused . | . . . Traps Extracted . | . . . Installed . | . . . Triggered . | . . . Machines | -11 -10 -9 ---------- Run | Yrd Mat Mat Machines Disabled 2 | . 2 . Max in Single Turn 1 | . 1 . Machines Repaired . | . . . Machines Dismantled . | . . . Machines Sabotaged . | . . . Overloaded Fab Kills . | . . . Hacking | -11 -10 -9 --------- Run | Yrd Mat Mat Machines Accessed 9 | . 8 1 Terminals 6 | . 6 . Fabricators . | . . . Repair Stations . | . . . Recycling Units 3 | . 2 1 Scanalyzers . | . . . Garrison Access . | . . . Total Hacks 29 | . 28 1 Successful 14 | . 13 1 Failed 15 | . 15 . Catastrophic . | . . . Database Lockouts . | . . . Manual . | . . . Terminals 26 | . 26 . Fabricators . | . . . Repair Stations . | . . . Recycling Units 3 | . 2 1 Scanalyzers . | . . . Garrison Access . | . . . Terminal Hacks 11 | . 11 . Robot Analysis 1 | . 1 . Prototype ID Bank 2 | . 2 . Unreport Threat 1 | . 1 . Maintenance Status 1 | . 1 . Security Status 1 | . 1 . Surveillance Status 1 | . 1 . Transport Status 1 | . 1 . Recall Investigation 1 | . 1 . Zone Layout 2 | . 2 . Fabricator Hacks . | . . . Repair Station Hacks . | . . . Recycling Unit Hacks 3 | . 2 1 Report Inventory 3 | . 2 1 Scanalyzer . | . . . Garrison Access Hacks . | . . . Unauthorized Hacks . | . . . Terminals . | . . . Fabricators . | . . . Repair Stations . | . . . Recycling Units . | . . . Scanalyzers . | . . . Garrison Access . | . . . Data Cores Recovered . | . . . Used . | . . . Hacking Detections 4 | . 4 . Full Trace Events 1 | . 1 . Feedback Events . | . . . Feedback Blocked . | . . . Robot Schematics Acquired . | . . . Robots Built . | . . . Authchips . | . . . Time . | . . . Total Robot Build Rating . | . . . Part Schematics Acquired . | . . . Parts Built . | . . . Authchips . | . . . Time . | . . . Total Part Build Rating . | . . . Parts Repaired . | . . . Time . | . . . Parts Recycled . | . . . Recycled Matter . | . . . Retrieved Matter . | . . . Retrieved Components . | . . . Parts Scanalyzed . | . . . Part Schematics Acquired . | . . . Parts Damaged . | . . . Bothacking | -11 -10 -9 ------------ Run | Yrd Mat Mat Used RIF Installer . | . . . Robots Hacked . | . . . Non-combat . | . . . Combat . | . . . Robot Hacks Applied . | . . . Relay Couplers Released . | . . . Fabnet Peak Effective % . | . . . Robots Rewired . | . . . Allies Hacked . | . . . Hacks Repelled . | . . . Allies | -11 -10 -9 -------- Run | Yrd Mat Mat Total Allies . | . . . Largest Group . | . . . Highest-Rated Group . | . . . Highest-Rated Ally . | . . . Total Orders . | . . . Ally Attacks . | . . . Total Damage . | . . . Kills . | . . . Allies Corrupted . | . . . Allies Melted . | . . . Intel | -11 -10 -9 ------- Run | Yrd Mat Mat Active Infowar (turns) . | . . . Robot Analysis Total 1 | . 1 . Derelict Logs Recovered . | . . . Drone Launches . | . . . Drone Recoveries . | . . . Exploration | -11 -10 -9 ------------- Run | Yrd Mat Mat Turns Passed 2086 | 101 1337 648 Spaces Moved 989 | 65 724 200 Core 20 | 16 . 4 Treads 486 | 49 389 48 Legs 92 | . . 92 Wheels 391 | . 335 56 Hover . | . . . Flight . | . . . Fastest Speed 50 | 50 105 155 Average Speed 172 | 132 158 239 Slowest Speed 850 | 160 320 850 Overloaded Moves . | . . . Propulsion Burnouts . | . . . Robots Hopped . | . . . Potential Cave-ins . | . . . Cave-ins Triggered . | . . . Exploration Rate (%) 42 | 4 97 26 Regions Visited 2 Branch Regions . Pre-discovered Areas . | . . . Known Exits Taken . | . . . Unknown Exits Taken 2 | 1 1 . Scrap Searched . | . . . Spaces Dug . | . . . Terrain Destroyed 31 | . 18 13 Melee . | . . . Projectile . | . . . AOE 31 | . 18 13 Terrain Rammed . | . . . Walls Destroyed . | . . . Machines Disabled . | . . . Actions | -11 -10 -9 --------- Run | Yrd Mat Mat Total 1218 | 79 838 301 Wait 69 | . 45 24 Move 988 | 65 723 200 Hop . | . . . Pick Up 32 | 10 10 12 Fast Attach . | . . . Attach 24 | 4 7 13 Detach 1 | . 1 . Swap 6 | . 4 2 Drop 7 | . 2 5 Fire 50 | . 22 28 Melee 40 | . 24 16 Ram 1 | . . 1 Kick . | . . . Crush . | . . . Escape Stasis . | . . . Rewire . | . . . Trap . | . . . Miscellaneous . | . . . Route ------- -11/Scrapyard -10/Materials (discovered 5 exits: *Mat x3 / [*Min x2]) -9/Materials (discovered 1 exit: [*Min]) History --------- Turn | Location | Event 12 | -11/Scrapyard | Discovered new exit (range 16) 102 | -11/Scrapyard | Entered Materials 184 | -10/Materials | Discovered new exit (range 14) 326 | -10/Materials | Build established: Mutant 445 | -10/Materials | Discovered new exit (range 13) 445 | -10/Materials | Discovered new exit (range 17) 889 | -10/Materials | Core integrity fell below 50% 937 | -10/Materials | Discovered new exit (range 15) 939 | -10/Materials | Lost 3 parts (1p1n1w) 1147 | -10/Materials | Discovered new exit (range 10) 1439 | -10/Materials | Entered another Materials area 1439 | -9/Materials | Evolved 2 slots: Utility x1, Weapon x1 1818 | -9/Materials | Lost 8 parts (1p2n1u4w) 1975 | -9/Materials | Discovered new exit (range 13) 2036 | -9/Materials | Core integrity fell below 50% 2065 | -9/Materials | Core integrity fell below 20% 2087 | -9/Materials | Destroyed by G-34 Mercenary with Small Laser Last Messages --------------- effect. 02034_ Imp. Ion Engine fried. 02034_ Katana fried. 02034_ L-31 Rogue destroyed. 02035_ K-01 Serf collects debris. 02045_ K-01 Serf destroyed. 02054_ Lgt. Assault Rifle destroyed. 02055_ G-34 Mercenary destroyed. 02056_ Lgt. Ion Engine destroyed. 02062_ Aluminum Leg destroyed. 02063_ Critical hit (Burn: +37). 02069_ Acquired Corrupted Imp. Aluminum Leg. 02070_ Integrated Corrupted Imp. Aluminum Leg (+3). 02070_ Complication: Hammer rejected. 02070_ Complication: Aluminum Leg rejected. 02073_ U-05 Engineer destroyed. 02075_ R-06 Scavenger collects Hammer. 02076_ VPTLNQSWPH#LLGVM2Q#U,A HD OMWGVNG3N58O: 02078_ R-06 Scavenger collects Aluminum Leg. Map ----- +----------------------------------------------------+ | [ #???????????????????## ##??????????????????? | | #???????????????????# #??????????????????? | | #???????????????????# #??????????????????? | | % #???????????????????# " +??????????????????? | | #???????????????????# #??????????????????? | | #???????????????????# #??????????????????? | | #????????############# #############???????? | | #????????# # # #???????? | | #??????????# """ """ + + """ ????????? | | ###??????????# """"""""" # # """"?????????? | | #????????????# """"" " # # """"?????????? | | #????????????# # # """""????????? | | #????????????# # + """ ????????? | | #????????????# ! # # #???????? | | #????????????#+#####+##### #############???????? | | #????????????# #???# #??## ####????????????????? | | #??########??# #???# #??# """#????????????????? | | #??#!!!!**#??# #???# #??# "#????????????????? | | ##?#!!!! *#??# #???# #??# !"#????????????????? | | #?# #??# ##### #??# < ""#????????????????? | | #?# ##??# #??# r !"#????????????????? | | #### #???# #######??# "#????????????????? | | [ ##### #????????# !!"""#????????????????? | | #??######## !%####????????????????? | | #######??# #ggg##T###??????????????? | | #### #????????# """ @ %%* #??????????????? | | ???## ##????????# """ # +??????????????? | | ????# #?????????# """ # ^"" #??????????????? | | ????# #?????????# """ #% ^T" #??????????????? | | ????# #?????????# # "" #??????????????? | | ????# #?????????####+### #??????????????? | | ????# #????????????????# #??????????????? | | ????# #????????????????# #??????????????? | | ????+ +????????????????# # #?????????????? | | ????# #????????????????# # ????????????? | | ????# #???????????????? # " ???????????? | | ???? ????????????????? # ??????????? | | ???? ????????????????? # ####??????????? | | ????????????????????????####### ##?????????????? | | ??????????????????????????????? #??????????????? | | ??????????????????????????????? #??????????????? | | ?????????????????????????????????????????????????? | | ?????????????????????????????????????????????????? | | ?????????????????????????????????????????????????? | | ?????????????????????????????????????????????????? | | ?????????????????????????????????????????????????? | | ?????????????????????????????????????????????????? | | ?????????????????????????????????????????????????? | | ?????????????????????????????????????????????????? | | ?????????????????????????????????????????????????? | +----------------------------------------------------+ Best States ------------- Heat Dissipation 28 Energy Generation 10 Energy Capacity 250 Matter Stores 300 Matter Capacity 300 Sight Range 16 Terrain Scan Density 10 Armor Coverage 150 Evasion (%) 50 Targeting Accuracy 6 Recoil Reduction 2 Item Schematics ----------------- None Robot Schematics ------------------ None Fabricated ------------ Nothing Repaired ---------- Nothing Alien Tech Used ----------------- None Achievements -------------- Everything Is Under Control GoHome() Loot Pinata One Hack Too Far Challenges ------------ None Game ------ Seed CryofiberScatterDiverter Manual? 0 Play Time 00:25:48 Cumulative 0.9 hours Start 2025.08.28 @ 12:30:10 End 2025.08.28 @ 18:41:44 Sessions 7 Manual Loads 0 Difficulty Rogue Special Mode None Game No. 3 Rogue 3 Adventurer 0 Explorer 0 Win Type - Total 0 Types 0/0/0/0/0/0/0/0/0/0 Lore% 0 Gallery% 2 Achievement% 3 Wizard Run 0 Options --------- Layout 1 ASCII 0 Keyboard 0 Movement Numpad Keybinds 0 Fullscreen 0 Font 20/Terminus Map View 50x35 Zoom Use 0% Tactical HUD 1 Map Filters NONE Filters NONE Steam 1 RUN: 7e747615-e658-49b3-aa11-ea6e2bf7eab9